 Dungeon Crawl Stone Soup version 0.27.1 (webtiles) character file.

Game seed: 14830017531903222680

29 calewdscratch the Gusty (level 3, -2/19 HPs)
             Began as a Tengu Air Elementalist on Sept 1, 2021.
             Slain by Sigmund (10 damage)
             ... on level 2 of the Dungeon.
             The game lasted 00:17:13 (1500 turns).

calewdscratch the Gusty (Tengu Air Elementalist)    Turns: 1500, Time: 00:17:14

Health: -2/19      AC:  2    Str:  8    XL:     3   Next: 16%
Magic:  0/7        EV: 12    Int: 16    God:
Gold:   61         SH:  0    Dex: 14    Spells: 3/6 levels left

rFire    . . .     SeeInvis .   f - +3 spear (vorpal)
rCold    . . .     Faith    .   (no shield)
rNeg     . . .     Spirit   .   a - +0 robe
rPois    .         Reflect  .   (helmet restricted)
rElec    .         Harm     .   (no cloak)
rCorr    .         Rampage  .   (no gloves)
Will     .....                  (boots unavailable)
Stlth    ++........             (no amulet)
HPRegen  0.06/turn              (no ring)
MPRegen  0.10/turn              (no ring)

@: no status effects
A: beak, talons 3
a: no special abilities


You were on level 2 of the Dungeon.
You visited 1 branch of the dungeon, and saw 2 of its levels.

You collected 61 gold pieces.

Inventory:

Hand Weapons
 e - a +0 dagger
 f - a +3 vorpal spear (weapon)
 h - a +0 trident
Armour
 a - a +0 robe (worn)
 b - a +0 leather armour
Scrolls
 c - a scroll of blinking {unknown}
 d - 2 scrolls of identify {unknown}
Potions
 g - a potion of resistance {unknown}


   Skills:
 - Level 2.1 Dodging
 - Level 2.0 Stealth
 + Level 2.4 Spellcasting
 + Level 2.5 Conjurations
 + Level 4.5 Air Magic


You had 3 spell levels left.
You knew the following spells:

 Your Spells              Type           Power      Damage    Failure   Level
a - Shock                 Conj/Air       52%        1d6       4%          1
b - Static Discharge      Conj/Air       13%        N/A       7%          2

Your spell library contained the following spells:

 Spells                   Type           Power      Damage    Failure   Level
 Swiftness                Air            16%        N/A       9%          3
 Airstrike                Air            8%         N/A       30%         4


Dungeon Overview and Level Annotations

Branches:
Dungeon (2/15)

Altars:

Annotations:
D:2 Sigmund


Innate Abilities, Weirdness & Mutations

You have a beak for a mouth.
You have claws for feet.


Message History

You reach to attack!
You closely miss Sigmund.
Sigmund is moderately wounded.
Sigmund barely misses you.
You reach to attack!
You barely miss Sigmund.
Sigmund is moderately wounded.
You reach to attack!
You barely miss Sigmund.
Sigmund is moderately wounded.
Sigmund gestures at you while chanting. You resist with significant effort.
Sigmund hits you from afar with a +1 scythe of protection!
Casting: Shock (safe; 4% risk of failure)
Confirm with . or Enter, or press ? or * to list all spells.
Sigmund is struck by an arc of lightning.
Sigmund is heavily wounded.
You are struck by an arc of lightning.
The lightning grounds out.
Sigmund closely misses you.
Aiming: Shock (safe; 4% risk of failure)
Press: ? - help, Q - select action, (/) - cycle Shift-Dir - straight line, f/p - Sigmund
Aim: Sigmund, wielding a +1 scythe of protection and wearing a +2 robe (heavily wounded, 64% to hit)
The zap hits Sigmund.
Sigmund is heavily wounded.
Sigmund misses you.
Press: ? - help, v - describe, . - travel
Here: Sigmund, wielding a +1 scythe of protection and wearing a +2 robe (heavily wounded)
The floor.
Unknown command.
You hit Sigmund but do no damage. You peck Sigmund.
Sigmund is severely wounded.
You hit Sigmund but do no damage. Your kick misses Sigmund.
Sigmund is severely wounded.
Sigmund hits you with a +1 scythe of protection.
You closely miss Sigmund. Your kick misses Sigmund.
Sigmund is severely wounded.
Sigmund casts a spell at you. The puff of flame misses you.
You hit Sigmund. Your kick misses Sigmund.
Sigmund is severely wounded.
Sigmund hits you with a +1 scythe of protection!
Ouch! That really hurt!
You die...

†...>...####...####.#
<.......+........##.#
........####...#.##.#
.......# #..##.##.#
......## #.###.##.#
.♣♣..## #........#
.♣..## #####.####
....# #.# ###.# #@#
###.## #@# .#...##
#.# ......# #####.#
.#...## ...#.# .##.##
.######.#.# ......
..@.......#
.##.###.######.###
.##.# #.#


You could see Sigmund.

Vanquished Creatures
  An adder (D:2)
  3 ball pythons (D:1)
  An endoplasm (D:2)
  5 hobgoblins
  2 jackals (D:1)
  2 kobolds (D:1)
  A quokka (D:1)
  2 frilled lizards (D:1)
  A rat (D:2)
18 creatures vanquished.

Notes
Turn   | Place    | Note
-------+----------+-------------------------------------------
     0 | D:1      | calewdscratch the Tengu Air Elementalist began the quest
                  | for the Orb.
     0 | D:1      | Reached XP level 1. HP: 10/10 MP: 4/4
   311 | D:1      | Reached XP level 2. HP: 15/15 MP: 3/6
   356 | D:1      | Learned a level 2 spell: Static Discharge
  1266 | D:2      | Reached XP level 3. HP: 19/19 MP: 0/7
  1477 | D:2      | Noticed Sigmund
  1500 | D:2      | Slain by Sigmund

Illustrated notes

Levels and vault maps discovered:
D:1:      dpeg_arrival_pond, layout_loops_ring
D:2:      layout_loops_corners, chequers_mini_garden, uniq_sigmund, uniq_jessica

Skill      XL: |  1  2 |
---------------+-------+-----
Conjurations   | 2 |  2.5
Dodging        | |  2.1
Stealth        | |  2.0
Spellcasting   | |  2.4
Air Magic      | |  4.5

Action                   || total
-------------------------++-------
Melee: Spear             ||    10
       Peck              ||     1
 Cast: Shock             ||    39
       Static Discharge  ||     5
 Stab: Sleeping          ||     2
Dodge: Dodged            ||     9
